 Dungeon Crawl Stone Soup version 0.27-a0-1548-gf8a67e7463 (webtiles) character file.

Game seed: 13227660039987872879

196 HAL9000 the Sneak (level 5, -2/26 HPs)
             Began as a Vine Stalker Brigand on July 14, 2021.
             Killed by nerve-wracking pain
             ... invoked by an orc priest
              (7 damage)
             ... on level 3 of the Dungeon.
             The game lasted 00:04:07 (2733 turns).

HAL9000 the Sneak (Vine Stalker Brigand)            Turns: 2733, Time: 00:04:08

Health: -2/26      AC:  3    Str: 14    XL:     5   Next: 75%
Magic:  0/6        EV: 11    Int: 11    God:
Gold:   122        SH:  0    Dex: 16    Spells: 4/4 levels left

rFire    . . .     SeeInvis .   a - +2 dagger
rCold    . . .     Faith    .   (no shield)
rNeg     . . .     Spirit   +   b - +0 robe
rPois    .         Reflect  .   (no helmet)
rElec    .         Harm     .   c - +0 cloak
rCorr    .         Rampage  .   (no gloves)
Will     .....                  (no boots)
Stlth    +++.......             (no amulet)
HPRegen  1.08/turn              (no ring)
MPRegen  0.10/turn              (no ring)

@: no status effects
A: fangs 2, regeneration 1, magic shield, antimagic bite, no potion heal 2
a: no special abilities


You were on level 3 of the Dungeon.
You visited 1 branch of the dungeon, and saw 4 of its levels.

You collected 122 gold pieces.

Inventory:

Hand Weapons
 a - a +2 dagger (weapon)
Missiles
 d - 14 poisoned darts (quivered)
 e - a curare-tipped dart
Armour
 b - a +0 robe (worn)
 c - a +0 cloak (worn)
Scrolls
 g - 2 scrolls of identify {unknown}
 h - a scroll of enchant armour {unknown}
 i - a scroll of blinking {unknown}
 k - 2 scrolls of teleportation {unknown}
 l - a scroll of fog {unknown}
 m - a scroll of silence {unknown}
Potions
 f - a potion of invisibility {unknown}
 j - 2 potions of curing {unknown}
 n - a potion of mutation {unknown}


   Skills:
 - Level 1.7 Fighting
 + Level 2.9 Short Blades
 - Level 4.0 Throwing
 - Level 0.7 Dodging
 - Level 6.0 Stealth


You had 4 spell levels left.
You didn't know any spells.
Your spell library contained the following spells:

 Spells                   Type           Power      Damage    Failure   Level
 Animate Skeleton         Necr           0%         N/A       34%         1
 Pain                     Necr           0%         1d4       34%         1
 Vampiric Draining        Necr           0%         2d6       71%         3


Dungeon Overview and Level Annotations

Branches:
Dungeon (4/15)
 Temple: D:4-7

Altars:
Ashenzari
Xom

Annotations:
D:3 2 runed translucent doors, Gilette's ghost, amateur FoFi


Innate Abilities, Weirdness & Mutations

You have extremely sharp teeth.
Your natural rate of healing is unusually fast.
When hurt, damage is shared between your health and your magic reserves.
Your bite disrupts and absorbs the magic of your enemies.
Potions cannot restore your health.


Message History

Deactivating autopickup; reactivate with Ctrl-A.
You hit the orc priest. Your bite misses the orc priest.
The orc priest is almost dead.
The orc priest hits you with a +0 whip.
You hit the orc priest but do no damage.
Your bite misses the orc priest.
The orc priest is almost dead.
You kill the orc priest!
The orc barely misses you.
The orc priest invokes the aid of Beogh against you.
Beogh smites you!
You are too injured to fight recklessly!
You are too injured to fight recklessly!
There is a stone staircase leading up here.
The orc misses you.
You climb upwards.
Level annotation: 2 runed translucent doors, Gilette's ghost, amateur FoFi Reactivating autopickup.
There is a stone staircase leading down here.
Unknown command.
You start resting.
HP restored.
You climb downwards.
The orc hits you with a +0 trident. x2
The orc priest closely misses you.
There is a stone staircase leading up here.
Unknown command.
The orc barely misses you. The orc priest misses you.
You climb upwards.
Level annotation: 2 runed translucent doors, Gilette's ghost, amateur FoFi
There is a stone staircase leading down here.
Unknown command.
The orc hits you from afar with a +0 trident.
The orc priest hits you with a +0 club.
The orc priest invokes the aid of Beogh against you.
Pain shoots through your body!
* * * LOW HITPOINT WARNING * * *
You see here a +0 dagger.
The orc priest mumbles some strange prayers to Beogh against you.
Pain shoots through your body!
You die...

##+##.#
#########..........
#.....# #####......
##.#..# #.####. #....#
#.# ## ###..## #.# ##
##...## ### ##.## #†
##....<## ##.###...###.
##.......####
#.#..(.......
#.......o)@.#
##.###...####
##....>o.##.####.# ##.##
#
##.....###>.....###.#.##
#
##....##.....####.###.###
##......###.....## ##...
###....# #.####.###.###
####.###.......#.##
#.....######.## #######
###


You could see an orc priest and an orc.

Vanquished Creatures
  Crazy Yiuf (D:3)
  An orc priest (D:4)
  An orc wizard (D:3)
  4 adders (D:3)
  2 worms
  5 dart slugs
  10 orcs
  2 bats
  4 endoplasms
  3 giant cockroaches
  3 goblins (D:1)
  3 hobgoblins (D:1)
  A quokka (D:1)
  5 ball pythons
  3 frilled lizards
  5 kobolds
  4 rats
57 creatures vanquished.

Notes
Turn   | Place    | Note
-------+----------+-------------------------------------------
     0 | D:1      | HAL9000 the Vine Stalker Brigand began the quest for the
                  | Orb.
     0 | D:1      | Reached XP level 1. HP: 11/11 MP: 2/2
     0 | D:1      | Noticed a troll
     9 | D:1      | Noticed a draconian
    11 | D:1      | Noticed a gargoyle
    13 | D:1      | Noticed a spriggan
    15 | D:1      | Noticed a troll
    17 | D:1      | Noticed a draconian
    84 | D:1      | Reached skill level 5 in Stealth
   269 | D:1      | Reached XP level 2. HP: 15/15 MP: 3/3
   786 | D:1      | Reached skill level 6 in Stealth
   980 | D:1      | Reached XP level 3. HP: 18/18 MP: 4/4
  1263 | D:2      | Found a shimmering altar of Xom.
  1439 | D:2      | You fall into a shaft and drop 1 floor!
  1526 | D:3      | Found a runed translucent door.
  1528 | D:3      | Noticed Gilette's ghost (amateur FoFi)
  1771 | D:3      | Gained mutation: Your natural rate of healing is unusually
                  | fast. [Vine Stalker growth]
  1771 | D:3      | Reached XP level 4. HP: 8/23 MP: 5/5
  1969 | D:3      | Found a broken altar of Ashenzari.
  2102 | D:3      | Reached XP level 5. HP: 26/26 MP: 6/6
  2107 | D:3      | Found a faded altar of an unknown god.
  2207 | D:3      | Found a runed translucent door.
  2484 | D:3      | Found a runed translucent door.
  2485 | D:3      | Noticed Crazy Yiuf
  2578 | D:3      | Killed Crazy Yiuf
  2733 | D:3      | Killed from afar by an orc priest

Illustrated notes

Levels and vault maps discovered:
D:1:      shiori_arrival_whats_in_store_for_you, layout_loops_corners,
          chequers_serial_rivers_large_b
D:2:      layout_loops_corners, basic_altar, serial_park_tiny_2
D:3:      layout_loops_ring, nicolae_ashenzari_panopticon,
          ebering_ghost_sewer_f, basic_ecumenical_altar, saegor_snake_ambush,
          uniq_crazy_yiuf_cottage
D:4:      minmay_razor_zed, layout_cave_pods, ebering_ghost_inner_flame,
          hangedman_glass_teeth

Skill      XL: |  1  2  3  4  5 |
---------------+----------------+-----
Stealth        | 5 6 |  6.0
Throwing       | 2 3 4 |  4.0
Short Blades   | 2 |  2.9
Fighting       | |  1.7
Dodging        | |  0.7

Action                   |  1- 3 |  4- 6 || total
-------------------------+-------+-------++-------
Melee: Dagger            |    77 |    37 ||   114
       Bite              |    16 |    15 ||    31
Throw: Dart              |     7 |    36 ||    43
 Stab: Sleeping          |    16 |     2 ||    18
Armor: Robe              |    12 |     3 ||    15
Dodge: Dodged            |    32 |    12 ||    44

Table legend: (Time is in decaauts)
 A = Elapsed time spent in this place.
 B = Non-inter-level travel time spent in this place.
 C = Inter-level travel time spent in this place.
 D = Time resting spent in this place.
 E = Time spent auto-exploring this place.
 F = Levels seen in this place.
 G = Mean time per level.
                   A        B        C        D        E       F      G
               +--------+--------+--------+--------+--------+-----+--------+
         Total |   2798 |   2718 |     80 |    265 |   2053 |   4 |  699.5 |
       Dungeon |   2798 |   2718 |     80 |    265 |   2053 |   4 |  699.5 |
               +--------+--------+--------+--------+--------+-----+--------+

Top non-repeatable levels by time:
     D:3: 1281 daAuts
     D:1: 1120 daAuts
     D:2: 362 daAuts
     D:4: 33 daAuts
